 Dungeon Crawl Stone Soup version 0.31-a0-771-g505c3d19dc (webtiles) character file.

Game seed: 6905937364575857698

20627 Armakuni the Destroyer (level 13, -1/132 HPs)
             Began as a Human Wanderer on Sept 16, 2023.
             Was a Priest of Vehumet.
             Slain by a sixfirhy (11 damage)
             ... in a Gauntlet.
             The game lasted 00:54:45 (16520 turns).

Armakuni the Destroyer (Human Wanderer)            Turns: 16520, Time: 00:54:45

Health: -1/132     AC: 26    Str: 11    XL:     13   Next: 13%
Magic:  8/34       EV:  2    Int: 17    God:    Vehumet [***...]
Gold:   677        SH:  0    Dex: 15    Spells: 13/29 levels left

rFire   . . .        a - staff of conjuration
rCold   . . .        (no shield)
rNeg    . . .        G - melded +1 troll leather armour
rPois   +            I - melded +0 helmet
rElec   .            j - melded +1 cloak of Theory {Rampage}
rCorr   .            n - melded +1 pair of gloves
SInv    .            (boots currently unavailable)
Will    +....        (no amulet)
Stlth   +            P - ring of magical power
HPRegen 0.42/turn    W - ring of willpower
MPRegen 0.24/turn

%: no teleportation
@: mighty, tree-form, hasted, very quick
A: stationary, stasis, torment immunity, boosted hp
a: Renounce Religion


You were in a Gauntlet.
You worshipped Vehumet.
Vehumet was most pleased with you.
You were a tree.
You visited 3 branches of the dungeon, and saw 15 of its levels.
You also visited: Gauntlet.

You collected 789 gold pieces.
You spent 112 gold pieces at shops.

Inventory:

Hand Weapons
 b - the +6 sling of Wyrd {elec, *Corrode rN+ Str+2 Int+3}
   (You found it on level 7 of the Dungeon)

   Str+2:     It affects your strength (+2).
   Int+3:     It affects your intelligence (+3).
   rN+:       It protects you from negative energy.
   *Corrode:  It may corrode you when you take damage.
Missiles
 e - 2 throwing nets
 s - a curare-tipped dart
Armour
 d - a +0 buckler
 j - the +1 cloak of Theory (melded) {Rampage}
   (You found it in a Gauntlet)

   Rampage:   It bestows one free step when moving towards enemies.
 n - a +1 pair of gloves (melded)
 G - a +1 troll leather armour (melded)
 I - a +0 helmet (melded)
Magical Staves
 a - a staff of conjuration (weapon)
Jewellery
 F - a ring of protection from fire
 H - a ring of resist corrosion
 P - a ring of magical power (left branch)
 V - a +6 ring of strength
 W - a ring of willpower (right branch)
Wands
 l - a wand of light (2)
 r - a wand of roots (1)
 v - a wand of flame (42)
Scrolls
 c - 2 scrolls of poison
 h - 4 scrolls of teleportation
 p - 2 scrolls of enchant armour
 q - a scroll of amnesia
 u - 2 scrolls of immolation
 z - 3 scrolls of fear
Potions
 f - 12 potions of curing
 k - a potion of lignification
 m - a potion of cancellation {unknown}
 o - 5 potions of mutation
 t - a potion of enlightenment {unknown}
 w - a potion of degeneration {unknown}
 y - 3 potions of resistance {unknown}
 A - a potion of might
 D - 2 potions of invisibility {unknown}
 E - 2 potions of brilliance {unknown}
Miscellaneous
 x - a lightning rod (1/4)


   Skills:
 - Level 4.0 Fighting
 - Level 5.0 Staves
 - Level 4.0 Armour
 - Level 4.0 Dodging
 - Level 1.0 Shields
 + Level 8.8 Spellcasting
 - Level 10.0 Conjurations
 - Level 5.0 Necromancy
 - Level 3.0 Transmutations
 - Level 4.0 Fire Magic
 - Level 4.0 Ice Magic
 - Level 5.0 Earth Magic
 - Level 1.0 Invocations
 - Level 10.0 Evocations


You had 13 spell levels left.
You knew the following spells:

 Your Spells              Type           Power      Damage    Failure   Level
b - Brom's Barrelling Bo  Conj/Erth      49%        2d7       1%          4
h - Hailstorm             Conj/Ice       47%        3d11      1%          3
r - Sublimation of Blood  Necr           24%        N/A       1%          2
s - Sticky Flame          Conj/Fire      47%        2d6       1%          4
z - Stone Arrow           Conj/Erth      98%        3d13      1%          3

Your spell library contained the following spells:

 Spells                   Type           Power      Damage    Failure   Level
 Volatile Blastmotes      Fire/Tloc      28%        2d12      3%          3
 Sandblast                Erth           48%        2d12      1%          1
 Passwall                 Tmut/Erth      17%        N/A       2%          2
 Ignite Poison            Fire/Tmut/Pois 15%        N/A       3%          3
 Vampiric Draining        Necr           24%        2d7       3%          3
 Wereblood                Tmut           17%        N/A       4%          2
 Slow                     Hex            28%        N/A       10%         1
 Blink                    Tloc           14%        N/A       14%         2
 Confusing Touch          Hex            7%         N/A       28%         3
 Gell's Gravitas          Tloc           7%         N/A       28%         3
 Sigil of Binding         Hex            7%         N/A       28%         3
 Summon Guardian Golem    Hex/Summ       7%         N/A       28%         3
 Teleport Other           Tloc           7%         N/A       28%         3
 Orb of Destruction       Conj           29%        9d9       32%         7
 Summon Ice Beast         Ice/Summ       14%        N/A       38%         4
 Manifold Assault         Tloc           7%         N/A       67%         4
 Spellforged Servitor     Conj/Summ      18%        N/A       92%         7
 Simulacrum               Ice/Necr       11%        N/A       93%         6
 Dispersal                Tloc           3%         N/A       100%        6
 Malign Gateway           Summ/Tloc      3%         N/A       100%        7
 Summon Hydra             Summ           3%         N/A       100%        7
 Ignition                 Fire           10%        3d5       100%        8
 Summon Horrible Things   Summ           3%         N/A       100%        8


Dungeon Overview and Level Annotations

Branches:
Dungeon (12/15)            Temple (1/1) D:6            Lair (2/5) D:11
Gauntlet (1/1)
  Swamp: Lair:2-3    Shoals: Lair:2-3     Snake: Lair:2-3    Spider: Lair:2-3
    Orc: D:9-12

Altars:
Ashenzari
Cheibriados
Dithmenos
Elyvilon
Fedhas
Gozag
Hepliaklqana
Kikubaaqudgha
Makhleb
Nemelex Xobeh
Okawaru
Qazlal
Ru
Sif Muna
Trog
Uskayaw
Vehumet
Wu Jian
Xom
Yredelemnul
Zin
The Shining One
Lugonu

Shops:
D:5 [   D:9 (

Annotations:
Gauntlet 9 transporters, 20 runed translucent doors


Message History

Press: ? - help, Shift-Dir - straight line, f - sixfirhy, p - sixfirhy
Aim: a sixfirhy (46% to hit)
The bolt of light hits the sixfirhy!
The sixfirhy is moderately wounded.
The sixfirhy is blinded.
Your magical contamination has completely faded away.
Casting: Stone Arrow (safe; 1% risk of failure)
Confirm with . or Enter, or press ? or * to list all spells.
Aiming: Sticky Flame (mildly dangerous; 1% risk of failure)
Press: ? - help, Shift-Dir - straight line, f/p - sixfirhy
Aim: a sixfirhy (moderately wounded, blind)
You feel a surge of power!
The sticky flame hits the sixfirhy.
The sixfirhy is moderately wounded.
The sixfirhy is covered in liquid flames!
The sixfirhy burns!
The sixfirhy hits you but does no damage.
Casting: Sticky Flame (mildly dangerous; 1% risk of failure)
Confirm with . or Enter, or press ? or * to list all spells.
Aiming: Sticky Flame (mildly dangerous; 1% risk of failure)
Press: ? - help, Shift-Dir - straight line, f - sixfirhy, p - sixfirhy
Aim: a sixfirhy (heavily wounded, blind)
You feel a surge of power!
The sticky flame hits the sixfirhy!
The sixfirhy is severely wounded.
The sixfirhy is covered in liquid flames!
The sixfirhy hits you but does no damage. x3
You miss the sixfirhy.
The sixfirhy is severely wounded.
The sixfirhy burns! x2
The sixfirhy hits you but does no damage.
The sixfirhy barely misses you. The sixfirhy hits you.
* * * LOW HITPOINT WARNING * * *
The sixfirhy shocks you!
* * * LOW HITPOINT WARNING * * *
You barely miss the sixfirhy.
The sixfirhy is severely wounded.
The sixfirhy hits you but does no damage.
The sixfirhy hits you.
* * * LOW HITPOINT WARNING * * *
The sixfirhy shocks you!
You die...

......####≈#≈#≈#≈#§#≈#≈##
#######≈#..§§§..........##
.....§§........8......8.≈#
..8.....8...............##
..........###########...≈#
#######...#!.#.©[..?#...##
!.©}=.#...#...#.....#...§#
#####.#...#...#3...##...##
..#h..#...#....#♣##.#...≈#
##©####.8.#...###3..#.8.##
..#...#...#.##.#©...#...≈#
#####.#...##....#...#...##
......#...#.....#...#...≈#
#######...#......#..#...##
#.©.#.....###########...≈#
#...#........#.©.#......##
#.©.#....8...#.8.#...8.##


You could see 2 sixfirhies.

Vanquished Creatures
  2 two-headed ogres (D:11)
  5 sixfirhies (Gauntlet)
  4 cyclopes
  2 black mambas (Lair:1)
  2 cane toads (Lair:1)
  An unseen horror (D:11)
  A kobold demonologist (D:11)
  A rime drake (D:11)
  2 komodo dragons (Lair:1)
  2 polar bears
  3 trolls
  4 blink frogs (Lair:1)
  2 wraiths
  6 wyverns
  Grum (D:10)
  A basilisk (Lair:2)
  32 yaks
  3 water moccasins (Lair:1)
  2 orc warriors
  8 ice beasts (D:11)
  2 sky beasts
  3 ogres
  4 wolves
  A centaur (D:7)
  A phantom (D:5)
  3 kobold brigands
  3 bullfrogs
  3 scorpions
  16 wights
  3 killer bees (D:10)
  6 electric eels
  3 howler monkeys
  2 quasits (D:6)
  5 hounds
  4 orc priests
  A jelly (D:6)
  A gnoll bouda (D:8)
  3 iguanas
  6 orc wizards
  2 sleepcaps
  11 gnolls
  6 adders
  5 shadow imps (D:6)
  2 white imps (D:6)
  3 ufetubi (D:6)
  A worm (D:3)
  A dart slug (D:4)
  24 orcs
  4 ball pythons
  4 endoplasms
  2 giant cockroaches (D:1)
  5 goblins
  7 hobgoblins
  A quokka (D:4)
  2 bats (D:3)
  2 frilled lizards (D:1)
  22 kobolds
  2 rats
260 creatures vanquished.

Vanquished Creatures (collateral kills)
  A quasit (D:5)
  42 boulders
43 creatures vanquished.

Vanquished Creatures (others)
  A human (D:5)
  7 boulders
8 creatures vanquished.

Grand Total: 311 creatures vanquished

Notes
Turn   | Place    | Note
-------+----------+-------------------------------------------
     0 | D:1      | Armakuni the Human Wanderer began the quest for the Orb.
     0 | D:1      | Armakuni set off with the following items: a +0 dagger, a
                  | scroll of teleportation, a +0 robe, a +0 buckler; and the
                  | following spell memorised: Sandblast; and the following
                  | spells available to memorise: Passwall, Wereblood, Stone
                  | Arrow, Brom's Barrelling Boulder.
     0 | D:1      | Reached XP level 1. HP: 15/15 MP: 2/2
   477 | D:1      | Reached XP level 2. HP: 21/21 MP: 1/3
  1060 | D:2      | Reached XP level 3. HP: 5/26 MP: 0/4
  1205 | D:2      | Found a faded altar of an unknown god.
  1243 | D:2      | Learned a level 3 spell: Stone Arrow
  1625 | D:2      | Reached skill level 1 in Conjurations
  1625 | D:2      | Reached XP level 4. HP: 17/32 MP: 3/5
  2203 | D:3      | Identified a scroll of acquirement
  2203 | D:3      | Acquired a staff of conjuration
  2362 | D:3      | Found a blossoming altar of Fedhas.
  2389 | D:3      | Found a sparkling altar of Nemelex Xobeh.
  2407 | D:3      | Reached XP level 5. HP: 37/37 MP: 3/7
  2793 | D:3      | Found a sacrificial altar of Ru.
  3160 | D:4      | Found a snail-covered altar of Cheibriados.
  3176 | D:4      | Noticed an ogre
  3204 | D:4      | Killed an ogre
  3205 | D:4      | Reached XP level 6. HP: 43/43 MP: 1/9
  3334 | D:4      | Learned a level 4 spell: Brom's Barrelling Boulder
  3391 | D:4      | Reached skill level 5 in Conjurations
  3552 | D:4      | Reached XP level 7. HP: 48/48 MP: 3/10
  4503 | D:5      | Entered Level 5 of the Dungeon
  4511 | D:5      | Found an ancient bone altar of Kikubaaqudgha.
  4615 | D:5      | Noticed a human
  4617 | D:5      | Killed a human
  4647 | D:5      | Found Zuejamen's Antique Armour Boutique.
  4842 | D:5      | Bought a pearl-encrusted leather armour for 112 gold pieces
  4842 | D:5      | Identified the +3 leather armour "Zaofin" {rF- rC- rN++
                  | SInv} (You bought it in a shop on level 5 of the Dungeon)
  5093 | D:5      | Reached XP level 8. HP: 54/54 MP: 2/12
  5897 | D:6      | Learned a level 4 spell: Sticky Flame
  5901 | D:6      | Learned a level 3 spell: Hailstorm
  6514 | D:6      | Found a staircase to the Ecumenical Temple.
  6555 | Temple   | Entered the Ecumenical Temple
  6578 | Temple   | Became a worshipper of Vehumet
  6730 | D:6      | Found a white marble altar of Elyvilon.
  6730 | D:6      | Found a glowing silver altar of Zin.
  6731 | D:6      | Found a glowing golden altar of the Shining One.
  6867 | D:6      | Found a hide-covered altar of Uskayaw.
  6872 | D:6      | Reached XP level 9. HP: 57/59 MP: 15/15
  7118 | D:6      | Learned a level 2 spell: Sublimation of Blood
  7567 | D:7      | Reached skill level 1 in Fire Magic
  7567 | D:7      | Reached skill level 1 in Ice Magic
  7797 | D:7      | Reached skill level 10 in Conjurations
  8071 | D:7      | Identified the +6 sling of Wyrd {elec, *Corrode rN+ Str+2
                  | Int+3}
  9208 | D:8      | Found a hazy altar of Hepliaklqana.
  9220 | D:8      | Found an opulent altar of Gozag.
  9550 | D:9      | Found Moyl's Weapon Shop.
  9570 | D:9      | Reached skill level 5 in Spellcasting
  9573 | D:9      | Noticed a troll
  9599 | D:9      | Killed a troll
  9600 | D:9      | Reached XP level 10. HP: 42/65 MP: 0/19
  9602 | D:9      | Reached skill level 1 in Staves
  9602 | D:9      | Reached skill level 1 in Necromancy
  9602 | D:9      | Reached skill level 1 in Evocations
  9605 | D:9      | Reached * piety under Vehumet
  9605 | D:9      | Offered knowledge of Freeze by Vehumet.
  9952 | D:9      | Found a basalt altar of Yredelemnul.
  9952 | D:9      | Noticed a cyclops
  9957 | D:9      | Killed a cyclops
 11167 | D:10     | Entered Level 10 of the Dungeon
 11167 | D:10     | Noticed Grum
 11175 | D:10     | Killed Grum
 11609 | D:10     | Reached XP level 11. HP: 42/77 MP: 7/20
 11816 | D:10     | Offered knowledge of Momentum Strike by Vehumet.
 12029 | D:10     | Reached ** piety under Vehumet
 12150 | D:10     | Reached skill level 5 in Staves
 12150 | D:10     | Reached skill level 5 in Necromancy
 12150 | D:10     | Reached skill level 5 in Evocations
 12413 | D:10     | Found an iron altar of Okawaru.
 12639 | D:11     | Noticed a two-headed ogre
 12648 | D:11     | Killed a two-headed ogre
 12649 | D:11     | Reached skill level 1 in Armour
 12649 | D:11     | Reached skill level 1 in Dodging
 12691 | D:11     | Noticed a cyclops
 12696 | D:11     | Killed a cyclops
 12779 | D:11     | Noticed a cyclops
 13032 | D:11     | Killed a cyclops
 13055 | D:11     | Noticed a two-headed ogre
 13072 | D:11     | Noticed a sixfirhy
 13085 | D:11     | Killed a two-headed ogre
 13450 | D:11     | Found a staircase to the Lair.
 13570 | D:11     | Reached XP level 12. HP: 83/83 MP: 21/21
 13758 | D:11     | Offered knowledge of Volatile Blastmotes by Vehumet.
 14129 | Lair:1   | Entered Level 1 of the Lair of Beasts
 14187 | Lair:1   | HP: 4/83 [black mamba (15)]
 15092 | Lair:1   | Reached skill level 10 in Evocations
 15101 | Lair:1   | Reached *** piety under Vehumet
 15107 | Lair:1   | Reached skill level 5 in Earth Magic
 16133 | Lair:2   | Found a gate leading to a gauntlet.
 16140 | Lair:2   | Noticed a five-headed hydra
 16142 | Gauntlet | Entered a Gauntlet
 16142 | Gauntlet | Noticed a sixfirhy
 16142 | Gauntlet | Noticed a sixfirhy
 16142 | Gauntlet | Found a transporter.
 16145 | Gauntlet | Found a transporter.
 16147 | Gauntlet | Noticed a sixfirhy
 16148 | Gauntlet | Found a transporter.
 16148 | Gauntlet | Noticed a sixfirhy
 16149 | Gauntlet | Found a transporter.
 16152 | Gauntlet | Found a transporter.
 16152 | Gauntlet | Noticed a sixfirhy
 16153 | Gauntlet | Found a transporter.
 16155 | Gauntlet | Noticed a sixfirhy
 16157 | Gauntlet | Noticed a sixfirhy
 16160 | Gauntlet | Noticed a sixfirhy
 16161 | Gauntlet | Noticed a balrug
 16161 | Gauntlet | Noticed a sixfirhy
 16162 | Gauntlet | Found a transporter.
 16164 | Gauntlet | Found a transporter.
 16164 | Gauntlet | Noticed a sixfirhy
 16177 | Gauntlet | Found a large runed translucent door.
 16177 | Gauntlet | Found a large runed translucent door.
 16178 | Gauntlet | Found a large runed translucent door.
 16179 | Gauntlet | Found a large runed translucent door.
 16180 | Gauntlet | Found a runed translucent gate.
 16180 | Gauntlet | Noticed a reaper
 16181 | Gauntlet | Found a transporter.
 16181 | Gauntlet | Found a runed translucent gate.
 16182 | Gauntlet | Found a runed translucent gate.
 16182 | Gauntlet | Found a large runed translucent door.
 16183 | Gauntlet | Found a large runed translucent door.
 16183 | Gauntlet | Found a large runed translucent door.
 16184 | Gauntlet | Found a large runed translucent door.
 16185 | Gauntlet | Found a large runed translucent door.
 16194 | Gauntlet | Found a large runed translucent door.
 16194 | Gauntlet | Found a large runed translucent door.
 16194 | Gauntlet | Found a runed translucent door.
 16194 | Gauntlet | Found a runed translucent door.
 16195 | Gauntlet | Found a large runed translucent door.
 16196 | Gauntlet | Found a large runed translucent door.
 16198 | Gauntlet | Found a transporter.
 16202 | Gauntlet | Found a transporter.
 16205 | Gauntlet | Found a large runed translucent door.
 16205 | Gauntlet | Found a large runed translucent door.
 16214 | Gauntlet | Found a transporter.
 16339 | Gauntlet | Identified the +1 cloak of Theory {Rampage}
 16349 | Gauntlet | Killed a sixfirhy
 16357 | Gauntlet | Killed a sixfirhy
 16358 | Gauntlet | Reached XP level 13. HP: 66/88 MP: 5/25
 16509 | Gauntlet | HP: 3/88 [sixfirhy (11)]
 16520 | Gauntlet | Slain by a sixfirhy

Illustrated notes

Levels and vault maps discovered:
D:1:      ebering_trefoil_twist, layout_basic, minmay_misc_feat_nine_boxes,
          minmay_misc_feat_four_crosses, serial_bayou_ford_a
D:2:      layout_loops_ring, ebering_ecumenical_altar_box,
          minmay_misc_feat_tower
D:3:      layout_loops_ring, mainiacjoe_overflow_catch_the_wave,
          nicolae_ru_path_of_blood
D:4:      layout_layer_cave, lemuel_tele_altar, dreamdust_mushroom_princess
D:5:      lemuel_ice_spiral_2, layout_rooms, tgw_kikubaaqudgha, serial_shops,
          nicolae_shop_back_alley_shop, serial_bayou_pond_a
D:6:      layout_basic, good_gods_mini_temple,
          nicolae_uskayaw_murder_on_the_dancefloor,
          minmay_temple_entry_glassed_door, serial_demonic, serial_demonic_f,
          serial_demonic_b, serial_demonic_g, serial_demonic_e,
          serial_demonic_f, serial_demonic_f, serial_demonic_g,
          serial_demonic_g, minmay_misc_feat_rows
D:7:      layout_cave_pods
D:8:      layout_basic, amethyst_overflow_temple_binary
D:9:      layout_basic, mainiacjoe_overflow_24_doors, serial_shops,
          kennysheep_little_box, serial_co_window_serial, co_window_paths_a,
          co_window_paths_a, co_window_of_opportunity_a, co_window_paths_a,
          co_window_of_opportunity_a, co_window_broadway_a,
          co_window_of_opportunity_b, co_window_corner_b, co_window_4corner_b,
          co_window_paths_d, glass_columns_b, glass_columns_a, glass_columns_b,
          glass_columns_b, glass_columns_c
D:10:     layout_roguey, amcnicky_altar_gilded, eino_tiny_chamber,
          kennysheep_boxes, uniq_grum
D:11:     layout_basic, hellmonk_lair_entry_icy
D:12:     minmay_the_grid_octo_tiled_octocenter [minmay_the_grid_octo_toaster,
          minmay_the_grid_octo_fat_diamond, minmay_the_grid_octo_odd_swirl,
          minmay_the_grid_octo_77, minmay_the_grid_octo_prize_single_spiral,
          minmay_the_grid_square_5x5_tetrominoes,
          minmay_the_grid_square_5x5_minibox,
          minmay_the_grid_square_5x5_checkered_statues,
          minmay_the_grid_square_5x5_fancy_junction], layout_long_grid,
          orc_0_dummy
Temple:   kb_corrupted_temple
Lair:1:   layout_layer_cave, serial_bayou_shore_a
Lair:2:   layout_gridlike, gauntlet_entry_generic
Gauntlet: minmay_gauntlet_mixed_oops_all_seconds
          [minmay_gauntlet_arena_77_broken_ladder,
          nicolae_gauntlet_arena_t_cross, minmay_gauntlet_arena_77_p_blocks,
          nicolae_gauntlet_swirl, minmay_gauntlet_arena_77_two_paths,
          minmay_gauntlet_arena_make_your_own_arena, gauntlet_exit_green]

Skill      XL: |  1  2  3  4  5  6  7  8  9 10 11 12 |
---------------+-------------------------------------+-----
Earth Magic    | 4 5 |  5.0
Conjurations   | 1 2 4 5 6 8 10 | 10.0
Spellcasting   | 2 3 4 6 8 |  8.8
Fire Magic     | 3 4 |  4.0
Ice Magic      | 3 4 |  4.0
Staves         | 4 5 |  5.0
Necromancy     | 3 5 |  5.0
Evocations     | 3 7 10 | 10.0
Fighting       | 4 |  4.0
Armour         | 4 |  4.0
Dodging        | 4 |  4.0
Shields        | |  1.0
Transmutations | |  3.0
Invocations    | |  1.0

Action                     |  1- 3 |  4- 6 |  7- 9 | 10-12 | 13-15 || total
---------------------------+-------+-------+-------+-------+-------++-------
  Melee: Dagger            |     1 |       |       |       |       ||     1
         Whip              |     8 |    36 |    25 |       |       ||    69
         Staff             |       |       |    47 |   145 |     3 ||   195
         Punch             |       |       |     1 |     3 |       ||     4
  Throw: Throwing net      |       |       |     2 |       |       ||     2
         Dart              |       |       |     2 |       |       ||     2
   Cast: Sandblast         |    29 |    44 |       |       |       ||    73
         Stone Arrow       |       |     4 |    97 |    38 |     4 ||   143
         Hailstorm         |       |       |    12 |    24 |       ||    36
         Brom's Barrelling |       |       |     8 |    49 |       ||    57
         Sticky Flame      |       |       |     4 |    73 |     5 ||    82
  Evoke: Wand              |       |       |     1 |    15 |     4 ||    20
         Lightning rod     |       |       |       |     6 |     4 ||    10
    Use: Scroll            |     4 |     7 |     7 |     6 |       ||    24
         Potion            |       |       |       |     6 |     7 ||    13
 Armour: Robe              |    14 |    38 |   116 |    26 |       ||   194
         Troll leather arm |       |       |       |   158 |    14 ||   172
         Skin              |       |       |       |       |    18 ||    18
  Dodge: Dodged            |     8 |    32 |    99 |   137 |    15 ||   291
  Block: Buckler           |    10 |       |       |       |       ||    10

Table legend: (Time is in decaauts)
 A = Elapsed time spent in this place.
 B = Non-inter-level travel time spent in this place.
 C = Inter-level travel time spent in this place.
 D = Time resting spent in this place.
 E = Time spent auto-exploring this place.
 F = Levels seen in this place.
 G = Mean time per level.
                   A        B        C        D        E       F      G
               +--------+--------+--------+--------+--------+-----+--------+
         Total |  16570 |  16041 |    529 |   4517 |   8961 |  16 | 1035.6 |
       Dungeon |  14156 |  13660 |    496 |   3904 |   7585 |  12 | 1179.7 |
        Temple |     42 |     25 |     17 |      0 |      0 |   1 |   42.0 |
          Lair |   2021 |   2007 |     14 |    509 |   1238 |   2 | 1010.5 |
      Gauntlet |    351 |    351 |      0 |    104 |    137 |   1 |  351.0 |
               +--------+--------+--------+--------+--------+-----+--------+

Top non-repeatable levels by time:
  Lair:1: 1888 daAuts
     D:9: 1738 daAuts
     D:4: 1593 daAuts
     D:6: 1530 daAuts
    D:11: 1456 daAuts
    D:10: 1344 daAuts
     D:7: 1337 daAuts
     D:5: 1174 daAuts
     D:1: 1047 daAuts
     D:8: 1019 daAuts
     D:2: 973 daAuts
     D:3: 939 daAuts
Gauntlet: 351 daAuts
  Lair:2: 132 daAuts
  Temple: 42 daAuts
